Map: New Repugnancy LE

Players

ZipperTheFly - Winner!

  • Race: Terran Terran
  • Spawn Location: 7:00

Bee

  • Race: Zerg Zerg
  • Spawn Location: 1:00

Event: 2019 WCS Summer

VOD

Have the link to the VOD?

Description

Time

  • Played on: July 12, 2019, 6:59 a.m.
  • Length: 10:27

All games in this series

Show
View Real Time Build Order
Export as new Build Order

ZipperTheFly Terran - Winner!

Build Orders: Liberator Opening, Reaper Expand 

Get SALT Encoding   

  12  0:00  SCV  
  13  0:13  SCV  
  14  0:17  Supply Depot  
  14  0:25  SCV  
  15  0:38  SCV  
  15  0:40  Barracks  
  16  0:44  Refinery  
  16  0:50  SCV  
  17  1:02  SCV  
  18  1:14  SCV  
  19  1:27  Orbital Command, Reaper  
  20  1:39  Command Center  
  20  1:50  Supply Depot  
  20  1:53  SCV  
  21  1:59  Marine  
  22  2:05  SCV  
  22  2:07  Factory  
  23  2:12  Refinery  
  23  2:17  SCV  
  23  2:21  Barracks Reactor  
  24  2:32  SCV  
  25  2:44  SCV  
  26  2:56  Orbital Command, SCV, Starport  
  27  3:03  Hellion x2  
  31  3:08  Barracks Tech Lab, SCV  
  32  3:20  SCV  
  32  3:22  SCV  
  32  3:25  Hellion x2  
  32  3:26  Stimpack  
  38  3:35  Viking  
  38  3:36  Supply Depot  
  38  3:37  SCV  
  38  3:38  SCV  
  38  3:39  Marine  
  43  3:50  SCV  
  42  3:58  Liberator  
  42  4:00  Hellion x2  
  44  4:04  SCV  
  45  4:14  SCV  
  45  4:16  SCV  
  48  4:17  Supply Depot  
  46  4:26  SCV  
  46  4:29  SCV  
  48  4:34  Command Center  
  48  4:38  Factory Tech Lab  
  48  4:40  SCV  
  48  4:43  SCV  
  48  4:44  Barracks  
  48  4:45  Barracks  
  50  4:49  Engineering Bay  
  50  4:50  Engineering Bay  
  50  4:52  SCV  
  51  4:53  Supply Depot  
  51  4:56  SCV  
  51  4:59  Starport Reactor  
  52  5:04  SCV  
  52  5:05  Refinery  
  52  5:06  Siege Tank, Refinery  
  56  5:07  Marine  
  56  5:11  SCV  
  58  5:16  Terran Infantry Weapons Level 1, Terran Infantry Armor Level 1  
  58  5:17  SCV  
  59  5:23  SCV  
  60  5:30  SCV  
  60  5:31  Marine  
  60  5:32  Combat Shield, Marine  
  60  5:34  Marine  
  60  5:35  SCV  
  63  5:40  Marine x2  
  63  5:42  SCV  
  66  5:45  Starport Reactor  
  66  5:47  Orbital Command, SCV  
  67  5:54  Marine x3, SCV  
  66  5:57  Siege Tank  
  66  5:58  Marine  
  70  6:06  Barracks  
  70  6:07  Barracks  
  70  6:09  Orbital Command  
  70  6:10  Marine  
  71  6:12  Marine x3  
  71  6:16  Marine, Supply Depot  
  75  6:19  SCV x2  
  75  6:25  Armory  
  77  6:26  Medivac  
  77  6:27  Medivac  
  77  6:28  Marine  
  77  6:29  Marine  
  77  6:30  Marine x2  
  85  6:38  Siege Tank, Marine, SCV x3, Supply Depot  
  92  6:46  Supply Depot  
  92  6:47  Supply Depot  
  92  6:48  Marine  
  93  6:56  Barracks Reactor x2  
  93  7:00  Marine x2, Barracks Tech Lab, SCV x3  
  98  7:04  Refinery  
  98  7:05  Medivac  
  98  7:08  Marine x2, Medivac  
  104  7:12  SCV x3  
  104  7:14  Supply Depot  
  104  7:15  Marine, Supply Depot  
  108  7:18  Marine x2  
  108  7:20  Terran Infantry Weapons Level 2  
  110  7:24  SCV x3  
  113  7:36  SCV x2  
  115  7:38  Marine x6  
  115  7:39  Marauder x2  
  121  7:46  SCV  
  121  7:48  SCV  
  121  7:49  Factory  
  121  7:50  SCV  
  117  7:51  Siege Tank  
  117  7:56  Marine  
  115  7:58  SCV  
  115  7:59  Medivac x2  
  115  8:03  Marine x2  
  115  8:04  Marauder, Marine x3  
  115  8:05  Marauder  
  124  8:13  SCV  
  124  8:18  Marine  
  120  8:24  Marine x3  
  120  8:25  Siege Tank  
  120  8:26  Marauder x2  
  130  8:29  SCV  
  130  8:33  Supply Depot  
  130  8:34  Factory Tech Lab, Supply Depot  
  131  8:36  Marine x2, Command Center  
  131  8:38  Refinery  
  132  8:41  SCV  
  132  8:46  Marine  
  132  8:47  Marauder x2, Marine  
  126  8:55  Marine  
  126  8:56  Siege Tank, Medivac x2  
  126  9:00  Marine x2  
  126  9:02  Marine  
  133  9:04  Marine x2  
  133  9:06  SCV x2  
  133  9:09  Marauder  
  139  9:11  Marine  
  139  9:13  Marine  
  139  9:14  SCV  
  142  9:18  Marine  
  142  9:19  Barracks x2, Marine  
  142  9:22  Barracks  
  144  9:25  Marine x2  
  144  9:26  Marine  
  149  9:34  Marine  
  148  9:39  Supply Depot  
  148  9:40  Siege Tank x2, Marauder  
  148  9:41  Supply Depot  
  156  9:47  Marauder  
  156  9:51  Marine  
  159  9:58  Marine x2, SCV x2  
  163  10:01  Marine x3  
  163  10:02  Marauder  
  168  10:08  Marine  
Show
View Real Time Build Order
Export as new Build Order

Bee Zerg 

Build Orders: Pool First 

Get SALT Encoding   

  12  0:00  Drone  
  13  0:12  Overlord  
  13  0:17  Drone  
  14  0:30  Drone x2  
  14  0:34  Drone  
  17  0:45  Spawning Pool  
  16  0:55  Extractor  
  15  1:07  Hatchery  
  15  1:10  Drone  
  15  1:13  Drone  
  15  1:17  Drone  
  17  1:22  Drone  
  18  1:34  Queen  
  18  1:37  Zergling x2  
  21  1:42  Drone  
  22  1:54  Overlord  
  22  1:58  Metabolic Boost  
  22  2:12  Queen  
  22  2:13  Drone  
  25  2:17  Drone  
  25  2:20  Drone  
  27  2:27  Drone  
  28  2:31  Spore Crawler  
  28  2:37  Drone  
  27  2:39  Drone  
  27  2:40  Drone  
  27  2:43  Spore Crawler  
  28  2:48  Drone x3  
  30  2:56  Drone x2  
  32  3:00  Hatchery  
  32  3:05  Drone  
  32  3:08  Overlord  
  32  3:12  Drone  
  33  3:18  Pneumatized Carapace  
  33  3:20  Queen  
  35  3:28  Drone x2  
  35  3:30  Drone x2  
  35  3:33  Drone x2  
  41  3:38  Zergling x6  
  44  3:48  Spore Crawler  
  44  3:50  Spore Crawler  
  44  3:55  Spore Crawler  
  41  3:56  Spore Crawler  
  44  4:06  Overlord  
  42  4:16  Drone x6  
  46  4:18  Spore Crawler  
  46  4:22  Spore Crawler  
  46  4:23  Overlord  
  43  4:24  Overlord  
  43  4:32  Drone x4  
  43  4:36  Queen  
  49  4:41  Overlord  
  49  4:47  Evolution Chamber  
  49  4:48  Spore Crawler  
  49  4:50  Drone x3  
  49  4:51  Drone  
  51  4:56  Drone x3  
  54  5:01  Drone  
  54  5:02  Roach Warren  
  54  5:04  Drone x2  
  54  5:06  Drone  
  57  5:16  Zergling x14  
  64  5:22  Overlord x2  
  64  5:24  Overlord  
  64  5:36  Extractor  
  64  5:37  Lair  
  61  5:56  Drone x2  
  62  5:57  Drone x13  
  62  6:01  Overlord  
  75  6:05  Zerg Ground Armor Level 1  
  75  6:08  Drone  
  75  6:09  Extractor  
  75  6:16  Drone x2  
  75  6:17  Extractor x2  
  75  6:18  Hatchery  
  75  6:24  Drone x3  
  75  6:25  Drone x3  
  80  6:27  Drone, Extractor  
  80  6:31  Drone x3  
  83  6:35  Glial Reconstitution  
  83  6:37  Drone  
  83  6:39  Infestation Pit  
  83  6:40  Roach  
  83  6:41  Overlord  
  83  6:42  Overlord x2  
  85  6:54  Overlord x2  
  85  7:02  Roach x6  
  85  7:03  Overseer  
  85  7:04  Ravager  
  85  7:07  Drone  
  99  7:09  Evolution Chamber  
  98  7:16  Pathogen Glands  
  98  7:19  Roach x5  
  98  7:22  Hatchery  
  107  7:25  Roach x4  
  114  7:36  Roach x5  
  122  7:43  Roach x5  
  113  7:50  Roach  
  113  7:51  Roach  
  106  7:53  Roach  
  106  7:55  Roach  
  106  7:58  Roach x2  
  97  8:02  Roach x3  
  91  8:06  Ravager  
  91  8:07  Drone x2, Queen  
  88  8:25  Drone x7  
  91  8:38  Drone x5  
  86  8:52  Drone x3  
  87  8:59  Queen  
  89  9:04  Drone  
  89  9:05  Drone x2  
  89  9:08  Drone  
  89  9:09  Drone x3  
  96  9:11  Drone x3  
  96  9:12  Drone  
  96  9:13  Drone  
  101  9:18  Infestor  
  101  9:21  Infestor  
  101  9:23  Drone x3  
  108  9:27  Drone x2  
  108  9:28  Drone x2  
  108  9:30  Extractor  
  111  9:36  Overseer  
  111  9:40  Queen  
  115  9:50  Roach x2  
  117  9:57  Extractor  
  114  10:01  Extractor, Overlord x3  
Tags
 
Add a new tag
Caveats
  • Supply blocks, unpowered buildings, or Contaminate may cause inaccurate times.
  • Supply counts are checked every 10 seconds.